 Dungeon Crawl Stone Soup version 0.26-a0-1025-g006ef2cfcc (webtiles) character file.

Game seed: 7797149350363663156

9192 DerHolg the Slinger (level 11, -8/75 HPs)
             Began as a Halfling Hunter on Dec 8, 2020.
             Was a Believer of Ru.
             Mangled by an orc knight
             ... wielding a +1 halberd of venom
              (20 damage)
             ... on level 10 of the Dungeon on Dec 9, 2020.
             The game lasted 01:23:07 (14037 turns).

DerHolg the Slinger (Halfling Hunter)              Turns: 14037, Time: 01:23:08

Health: -8/75      AC: 12    Str: 21    XL:     11   Next: 69%
Magic:  11/11      EV: 19    Int:  9    God:    Ru [**....]
Gold:   672        SH:  0    Dex: 13    Spells: 10/10 levels left

rFire    + . .     SeeInvis .   a - +2 hunting sling
rCold    x . .     Faith    .   (shield restricted)
rNeg     . . .     Spirit   .   K - +0 troll leather armour
rPois    .         Reflect  .   H - +0 helmet
rElec    .         Harm     .   J - +1 cloak
rCorr    .         Rampage  .   D - +2 pair of gloves of the Maze {+Fly Regen+ Str+6 Dex-4}
Will     .....                  y - +0 pair of boots
Stlth    ++++......             i - amulet of regeneration
HPRegen  1.42/turn              h - ring of fire
MPRegen  0.12/turn              (no ring)

@: no status effects
A: small, mutation resistance 1, no air magic, no hexes magic, no translocations
magic, missing an eye
a: Renounce Religion, Evoke Flight


You were on level 10 of the Dungeon.
You worshipped Ru.
Ru was pleased with you.
You visited 1 branch of the dungeon, and saw 11 of its levels.

You collected 672 gold pieces.

Inventory:

Hand Weapons
 a - a +2 hunting sling (weapon)
 b - a +1 dagger of pain
Missiles
 d - 27 sling bullets (quivered ammo)
 e - 164 stones
Armour
 y - a +0 pair of boots (worn)
 D - the +2 pair of gloves of the Maze (worn) {+Fly Regen+ Str+6 Dex-4}
   (You found it on level 7 of the Dungeon)

   It affects your strength (+6).
   It affects your dexterity (-4).
   It lets you fly.
   It increases your rate of regeneration.
 H - a +0 helmet (worn)
 J - a +1 cloak (worn)
 K - a +0 troll leather armour (worn)
Jewellery
 h - a ring of fire (left hand)
 i - an amulet of regeneration (around neck)
Wands
 q - a wand of paralysis (11)
 w - a wand of flame (14)
 x - a wand of enslavement (11)
 G - a wand of disintegration (13)
Scrolls
 g - 2 scrolls of enchant armour {unknown}
 j - 2 scrolls of blinking
 l - 2 scrolls of enchant weapon
 m - 2 scrolls of amnesia {unknown}
 o - 5 scrolls of teleportation
 p - 2 scrolls of magic mapping
 u - 4 scrolls of fear
 A - 6 scrolls of remove curse
 C - a scroll of immolation {unknown}
 F - a scroll of identify
Potions
 c - 4 potions of might
 f - 4 potions of haste
 k - a potion of mutation {unknown}
 n - 3 potions of curing
 r - 3 potions of flight
 s - a potion of attraction {unknown}
 t - a potion of berserk rage {unknown}
 v - a potion of lignification {unknown}
 B - 2 potions of degeneration {unknown}
 I - 2 potions of heal wounds {unknown}


   Skills:
 + Level 7.1 Fighting
 + Level 9.0 Short Blades
 + Level 11.9 Slings
 + Level 5.3 Armour
 + Level 8.6 Dodging
 + Level 9.0 Stealth


You had 10 spell levels left.
You didn't know any spells.
Your spell library contained the following spells:

 Spells                   Type           Power        Failure   Level
 Animate Skeleton         Necr           #.....       43%         1
 Beastly Appendage        Tmut           #.....       43%         1
 Foxfire                  Conj/Fire      #...         43%         1
 Sting                    Tmut/Pois      #...         43%         1
 Summon Small Mammal      Summ           #...         43%         1
 Call Imp                 Summ           #.......     56%         2
 Wereblood                Tmut           #.......     56%         2
 Call Canine Familiar     Summ           #.......     80%         3
 Conjure Flame            Conj/Fire      #.......     80%         3
 Ignite Poison            Fire/Tmut/Pois #.......     80%         3
 Spider Form              Tmut/Pois      #.........   80%         3
 Ice Form                 Ice/Tmut       #.......     99%         4
 Olgreb's Toxic Radiance  Pois           #.......     99%         4
 Sticky Flame             Conj/Fire      #.......     99%         4
 Summon Ice Beast         Ice/Summ       #.......     99%         4
 Blade Hands              Tmut           #.........   100%        5
 Bolt of Magma            Conj/Fire/Erth #.........   100%        5
 Fireball                 Conj/Fire      #.........   100%        5
 Iskenderun's Battlesphe  Conj           #.......     100%        5
 Iron Shot                Conj/Erth      #.........   100%        6
 Orb of Destruction       Conj           #.........   100%        7
 Spellforged Servitor     Conj/Summ      #.........   100%        7
 Apportation              Tloc           Unusable     N/A         1
 Corona                   Hex            Unusable     N/A         1
 Ensorcelled Hibernation  Hex/Ice        Unusable     N/A         2
 Poisonous Vapours        Pois/Air       Unusable     N/A         2
 Confusing Touch          Hex            Unusable     N/A         3
 Dazzling Flash           Conj/Hex       Unusable     N/A         3
 Inner Flame              Hex/Fire       Unusable     N/A         3
 Mephitic Cloud           Conj/Pois/Air  Unusable     N/A         3
 Summon Guardian Golem    Hex/Summ       Unusable     N/A         3
 Tukima's Dance           Hex            Unusable     N/A         3
 Summon Lightning Spire   Summ/Air       Unusable     N/A         4
 Summon Forest            Summ/Tloc      Unusable     N/A         5
 Malign Gateway           Summ/Tloc      Unusable     N/A         7

Dungeon Overview and Level Annotations

Branches:
Dungeon (11/15)            Temple (0/1) D:4             Orc (0/2) D:9
   Lair: D:8-11

Altars:
Ashenzari
Dithmenos
Kikubaaqudgha
Makhleb
Okawaru
Qazlal
Ru
Trog
Wu Jian
Xom
Yredelemnul
The Shining One

Shops:
D:5 *   D:7 *

Annotations:
D:7 3 exclusions, Maggie
D:10 exclusions: 2 doors and 1 more exclusion


Innate Abilities, Weirdness & Mutations

You are small and have problems with some larger weapons.
You are somewhat resistant to further mutation.
You cannot study or cast Air magic.
You cannot study or cast Hexes magic.
You cannot study or cast Translocations magic.
You are missing an eye, making it more difficult to aim.


Message History

The sling bullet closely misses the orc knight.
You feel sick.
The orc knight hits you from afar with a +1 halberd of venom!
* * * LOW HITPOINT WARNING * * *
You are lethally poisoned!
Fire: 28 sling bullets
Press: ? - help, Q - select action, (/) - cycle Shift-Dir - straight line, f/p - orc knight
Aim: an orc knight, wielding a +1 halberd of venom, wearing a +0 plate armour and wearing an uncursed ring of wizardry (severely wounded)
You shoot a sling bullet.
The sling bullet hits the orc knight but does no damage.
The orc knight is severely wounded.
* * * LOW HITPOINT WARNING * * *
You feel sick.
* * * LOW HITPOINT WARNING * * *
You feel very sick.
* * * LOW HITPOINT WARNING * * *
You feel very sick.
You feel better.
The orc knight hits you from afar with a +1 halberd of venom!!
You die...

....########...........'........#
....# #############........#
....# #........# #####
####..##### ## ##....###### .#
#####..........# )#####
##########..((...(......# .....#
#.......#.o###)..(......#
.....####.......@(## #..........#
...).#..........### #..........#
.....'.##.......# #...(.....[#
.....####.......# #(...((....#
.....# #.......# #....>.u...#
##'### ###.##### #..........#
#..# #..###### ####.'###### #.##
##..รท...# ##'###### ..#
##########'### #(..#...#


You could see an orc knight.

Vanquished Creatures
  Pikel (D:3)
  2 cyclopes
  An ugly thing (D:10)
  2 gargoyles (D:10)
  2 trolls
  3 shadows
  2 wyverns
  Eustachio (D:4)
  A steam dragon (D:5)
  A vampire mosquito (D:10)
  4 wargs (D:9)
  2 water moccasins
  5 orc warriors
  A sky beast (D:5)
  3 ice beasts
  7 ogres
  3 phantoms
  6 centaurs
  4 lemures (D:3)
  10 bullfrogs
  A water moccasin skeleton (D:5)
  5 killer bees (D:9)
  4 scorpions
  6 howler monkeys
  Crazy Yiuf (D:2)
  6 hounds
  2 centaur zombies
  2 jellies
  3 orc priests
  3 bullfrog skeletons
  2 iguanas
  7 orc wizards
  4 worker ants
  Natasha (thrice) (D:2)
  A hound skeleton (D:10)
  8 gnolls (D:5)
  A worker ant zombie (D:6)
  9 adders
  A howler monkey skeleton (D:8)
  A shadow imp (D:5)
  2 white imps (D:10)
  An adder zombie (D:7)
  An adder skeleton (D:10)
  3 worms
  3 dart slugs
  2 leopard geckos
  30 orcs
  9 bats
  A bat zombie (D:2)
  5 giant cockroaches
  6 goblins
  5 hobgoblins
  8 jackals
  12 kobolds
  5 quokkas
  A frilled lizard (D:1)
  2 jackal zombies
  8 rats
  A rat zombie (D:7)
236 creatures vanquished.

Notes
Turn   | Place    | Note
-------+----------+-------------------------------------------
     0 | D:1      | DerHolg the Halfling Hunter began the quest for the Orb.
     0 | D:1      | Reached XP level 1. HP: 14/14 MP: 1/1
   102 | D:1      | Reached XP level 2. HP: 14/19 MP: 2/2
   284 | D:1      | Reached skill level 6 in Slings
   672 | D:1      | Reached XP level 3. HP: 14/24 MP: 3/3
   836 | D:1      | Reached skill level 1 in Short Blades
   922 | D:1      | Reached skill level 1 in Armour
  1180 | D:2      | Found a sacrificial altar of Ru.
  1196 | D:2      | Became a worshipper of Ru the Awakened
  1203 | D:2      | Noticed Natasha
  1212 | D:2      | HP: 1/24 [Natasha (8)]
  1213 | D:2      | Killed Natasha
  1214 | D:2      | Reached XP level 4. HP: 1/29 MP: 4/4
  1548 | D:2      | Found a runed translucent door.
  1549 | D:2      | Noticed Crazy Yiuf
  1847 | D:2      | Found a shimmering altar of Xom.
  1849 | D:2      | Found a shimmering altar of Xom.
  1849 | D:2      | Found a shimmering altar of Xom.
  1850 | D:2      | Found a shimmering altar of Xom.
  1850 | D:2      | Found a shimmering altar of Xom.
  1851 | D:2      | Noticed Natasha
  1879 | D:2      | Found a shimmering altar of Xom.
  1880 | D:2      | Found a shimmering altar of Xom.
  1948 | D:2      | Killed Natasha
  1949 | D:2      | Reached XP level 5. HP: 29/35 MP: 5/5
  2498 | D:2      | Killed Crazy Yiuf
  2920 | D:3      | Reached XP level 6. HP: 41/41 MP: 6/6
  3079 | D:3      | Gained mutation: You cannot study or cast Air magic. [Ru
                  | sacrifice]
  3079 | D:3      | Gained mutation: You cannot study or cast Hexes magic. [Ru
                  | sacrifice]
  3079 | D:3      | Gained mutation: You cannot study or cast Translocations
                  | magic. [Ru sacrifice]
  3079 | D:3      | Reached * piety under Ru
  3594 | D:3      | Found a stormy altar of Qazlal.
  3799 | D:4      | Noticed Pikel
  4241 | D:2      | Noticed Natasha
  4549 | D:2      | Killed Natasha
  4735 | D:3      | Killed Pikel
  4736 | D:3      | Reached skill level 7 in Slings
  4736 | D:3      | Reached XP level 7. HP: 35/46 MP: 7/7
  4914 | D:4      | Reached XP level 8. HP: 52/52 MP: 8/8
  4986 | D:4      | Noticed Eustachio
  5005 | D:4      | Killed Eustachio
  5045 | D:4      | Found a staircase to the Ecumenical Temple.
  5474 | D:5      | Entered Level 5 of the Dungeon
  5698 | D:5      | Reached skill level 8 in Slings
  6276 | D:5      | Found a shadowy altar of Dithmenos.
  6395 | D:5      | Found Vacriu's General Store.
  6489 | D:5      | Reached skill level 5 in Dodging
  6489 | D:5      | Reached skill level 5 in Stealth
  6635 | D:5      | Reached XP level 9. HP: 38/58 MP: 5/9
  6787 | D:5      | Gained mutation: You are missing an eye, making it more
                  | difficult to aim. [Ru sacrifice]
  6787 | D:5      | Reached ** piety under Ru
  6894 | D:5      | Reached skill level 5 in Short Blades
  7708 | D:6      | Reached skill level 9 in Slings
  7708 | D:6      | Reached skill level 5 in Armour
  8756 | D:7      | Found Yqoe's General Store.
  8803 | D:7      | Found a sand-covered staircase.
  9041 | D:7      | Reached skill level 5 in Fighting
  9052 | D:7      | Noticed a cyclops
  9276 | D:7      | Killed a cyclops
  9277 | D:7      | Reached XP level 10. HP: 66/66 MP: 10/10
  9342 | D:7      | Reached skill level 10 in Slings
 10045 | D:7      | Got a pair of jewelled gloves
 10048 | D:7      | Identified the Compendium of Enchantment and Slavery
 10059 | D:7      | Identified the +2 pair of gloves of the Maze {+Fly Regen+
                  | Str+6 Dex-4} (You found it on level 7 of the Dungeon)
 10163 | D:7      | Noticed Maggie
 10385 | D:7      | Found a shadowy altar of Dithmenos.
 10864 | D:8      | Found an ornate altar of the Wu Jian Council.
 11025 | D:8      | Found a bloodstained altar of Trog.
 11308 | D:9      | Upgraded the game from 0.26-a0-1020-ge47f559bc5 to
                  | 0.26-a0-1025-g006ef2cfcc
 11400 | D:9      | Found an iron altar of Okawaru.
 11678 | D:9      | Found a staircase to the Orcish Mines.
 11681 | D:9      | Noticed a cyclops
 12052 | D:9      | Killed a cyclops
 12053 | D:9      | Reached skill level 11 in Slings
 12053 | D:9      | Reached XP level 11. HP: 73/73 MP: 11/11
 12095 | D:9      | Found an ancient bone altar of Kikubaaqudgha.
 12097 | D:9      | Found a basalt altar of Yredelemnul.
 12097 | D:9      | Found a burning altar of Makhleb.
 12098 | D:9      | Found a broken altar of Ashenzari.
 12110 | D:9      | Found a glowing golden altar of the Shining One.
 12541 | D:10     | Entered Level 10 of the Dungeon
 13335 | D:10     | Noticed a yaktaur captain
 13390 | D:10     | Noticed a cyclops
 13417 | D:10     | Noticed a red ugly thing
 13425 | D:10     | Noticed an orc knight
 13718 | D:11     | Noticed a seven-headed hydra
 13740 | D:11     | Found a basalt altar of Yredelemnul.
 13913 | D:11     | Noticed a boulder beetle
 14026 | D:10     | Killed a red ugly thing
 14036 | D:10     | HP: 3/75 [poisoned by an orc knight]
 14037 | D:10     | Mangled by an orc knight

Illustrated notes

Levels and vault maps discovered:
D:1:      dpeg_arrival_leaves_temple_mockup, layout_basic,
          minmay_misc_feat_enclosed
D:2:      wad_crossroads, layout_basic, lemuel_crystal_altar,
          grunt_decor_junction, xom_redecorated, uniq_crazy_yiuf_cottage,
          uniq_natasha
D:3:      layout_basic, overflow_temple_1_default
D:4:      layout_basic, minmay_temple_entry_overgrown, hangedman_decor_opposing,
          uniq_pikel, uniq_eustachio
D:5:      layout_gridville, serial_shops, kennysheep_little_box,
          grunt_dithmenos_smoke_and_mirrors
D:6:      layout_loops_cross
D:7:      minmay_the_grid_octo_triangle [minmay_the_grid_octo_77,
          minmay_the_grid_octo_prize_star,
          minmay_the_grid_octo_vomiting_pacman], layout_loops_cross,
          enter_ossuary_3, serial_shops, shop_statue, uniq_maggie
D:8:      layout_basic, nicolae_overflow_crystal_walls, general_overflow_altar,
          hangedman_abyss_or_decor_lesser_grid
D:9:      layout_rooms, okawaru_gym_becter, minitemple,
          minmay_orc_entry_guard_dogs
D:10:     layout_roguey, minmay_evil_grid
D:11:     layout_long_grid, erik_lair_dragon, basic_altar

Skill      XL: |  1  2  3  4  5  6  7  8  9 10 11 |
---------------+----------------------------------+-----
Slings         | 6 7 8 9 11 | 11.9
Fighting       | 2 3 4 5 6 7 |  7.1
Short Blades   | 1 2 3 4 6 8 9 |  9.0
Armour         | 1 2 3 4 5 |  5.3
Stealth        | 2 3 5 6 8 9 |  9.0
Dodging        | 3 4 5 6 7 8 |  8.6

Action                   |  1- 3 |  4- 6 |  7- 9 | 10-12 || total
-------------------------+-------+-------+-------+-------++-------
Melee: Short sword       |    43 |    14 |    38 |     4 ||    99
       Dagger            |       |       |       |    63 ||    63
 Fire: Hunting sling     |    69 |   199 |   472 |   912 ||  1652
Invok: Sacrifice Arcana  |       |     1 |       |       ||     1
       Sacrifice an Eye  |       |       |     1 |       ||     1
       Reject Sacrifices |       |       |       |     1 ||     1
Evoke: Wand              |       |     1 |       |     7 ||     8
  Use: Scroll            |       |       |    10 |     6 ||    16
       Potion            |       |       |       |     1 ||     1
Armor: Leather armour    |     1 |       |    20 |       ||    21
       Ring mail         |    18 |    16 |       |       ||    34
       Steam dragon scal |       |       |    21 |    43 ||    64
       Troll leather arm |       |       |       |    50 ||    50
Dodge: Dodged            |    35 |    67 |   179 |   317 ||   598

Table legend: (Time is in decaauts)
 A = Elapsed time spent in this place.
 B = Non-inter-level travel time spent in this place.
 C = Inter-level travel time spent in this place.
 D = Time resting spent in this place.
 E = Time spent auto-exploring this place.
 F = Levels seen in this place.
 G = Mean time per level.
                   A        B        C        D        E       F      G
               +--------+--------+--------+--------+--------+-----+--------+
         Total |  13534 |  13047 |    487 |   2529 |   7494 |  11 | 1230.4 |
       Dungeon |  13534 |  13047 |    487 |   2529 |   7494 |  11 | 1230.4 |
               +--------+--------+--------+--------+--------+-----+--------+

Top non-repeatable levels by time:
     D:3: 1906 daAuts
     D:5: 1793 daAuts
     D:2: 1552 daAuts
     D:6: 1523 daAuts
     D:7: 1266 daAuts
    D:10: 1136 daAuts
     D:9: 1125 daAuts
     D:1: 1104 daAuts
     D:4: 1006 daAuts
     D:8: 921 daAuts
    D:11: 198 daAuts
